 Dungeon Crawl Stone Soup version 0.29-a0-982-gaed3a0c8d8 (webtiles) character file.

Game seed: 3358470687040097544

1156 MisterAzrael the Conjurer (level 8, 0/41 HPs)
             Began as a Deep Elf Air Elementalist on Aug 1, 2022.
             Was a Follower of Kikubaaqudgha.
             Slain by a gnoll
             ... wielding a +2 spear of freezing
              (9 damage)
             ... on level 6 of the Dungeon on Aug 2, 2022.
             The game lasted 00:11:12 (6679 turns).

MisterAzrael the Conjurer (DEAE)                    Turns: 6679, Time: 00:11:13

Health: 0/41       AC:  6    Str:  5    XL:     8   Next: 16%
Magic:  19/19      EV: 13    Int: 23    God:    Kikubaaqudgha [*.....]
Gold:   361        SH:  5    Dex: 21    Spells: 3/20 levels left

rFire   . . .      SeeInvis .   (no weapon)
rCold   . . .      Faith    .   (no shield)
rNeg    . . .      Spirit   .   a - +0 robe
rPois   .          Reflect  +   (no helmet)
rElec   .          Harm     .   (no cloak)
rCorr   .          Rampage  .   (no gloves)
Will    .....                   (no boots)
Stlth   ++........              y - amulet of reflection
HPRegen 0.13/turn               w - ring of wizardry
MPRegen 0.16/turn               d - ring of Past Mistakes {AC+4 Dex+6}

@: no status effects
A: no striking features
a: Renounce Religion, Unearth Wretches


You were on level 6 of the Dungeon.
You worshipped Kikubaaqudgha.
Kikubaaqudgha was aware of your devotion.
You visited 1 branch of the dungeon, and saw 6 of its levels.

You collected 361 gold pieces.

Inventory:

Missiles
 n - 22 poisoned darts
 s - 2 throwing nets
Armour
 a - a +0 robe (worn)
Jewellery
 d - the ring of Past Mistakes (right hand) {AC+4 Dex+6}
   (You found it on level 3 of the Dungeon)

   [ring of protection]

   AC:        It affects your AC (+4).
   Dex:       It affects your dexterity (+6).
 l - a +4 ring of protection
 w - a ring of wizardry (left hand)
 y - an amulet of reflection (around neck)
Wands
 r - a wand of charming (9)
 x - a wand of flame (19)
Scrolls
 c - 5 scrolls of identify {unknown}
 f - 4 scrolls of immolation {unknown}
 k - a scroll of brand weapon {unknown}
 p - a scroll of noise {unknown}
 q - a scroll of acquirement {unknown}
 t - 3 scrolls of teleportation {unknown}
 u - 2 scrolls of vulnerability {unknown}
 z - a scroll of amnesia {unknown}
 A - a scroll of magic mapping {unknown}
 B - a scroll of fear {unknown}
 D - a scroll of enchant weapon {unknown}
Potions
 b - a potion of magic
 e - a potion of ambrosia {unknown}
 g - a potion of resistance {unknown}
 h - a potion of flight {unknown}
 i - 2 potions of haste {unknown}
 j - 3 potions of heal wounds {unknown}
 m - a potion of degeneration {unknown}
 o - 2 potions of curing
 v - 3 potions of lignification {unknown}
 C - a potion of cancellation {unknown}


   Skills:
 - Level 2.4 Dodging
 - Level 2.4 Stealth
 + Level 6.5 Spellcasting
 * Level 6.9 Conjurations
 - Level 0.9 Hexes
 * Level 6.0 Necromancy
 - Level 3.8 Air Magic


You had 3 spell levels left.
You knew the following spells:

 Your Spells              Type           Power      Damage    Failure   Level
a - Shock                 Conj/Air       100%       1d9       1%          1
b - Static Discharge      Conj/Air       32%        3-7/arc   1%          2
c - Swiftness             Air            25%        N/A       1%          3
d - Confusing Touch       Hex            11%        N/A       7%          3
e - Airstrike             Air            12%        0-5+      6%          4
f - Animate Dead          Necr           35%        N/A       2%          4

Your spell library contained the following spells:

 Spells                   Type           Power      Damage    Failure   Level
 Necrotise                Necr           100%       1d9       1%          1
 Sublimation of Blood     Necr           35%        N/A       1%          2
 Vampiric Draining        Necr           35%        2d8       1%          3
 Summon Small Mammal      Summ           28%        N/A       3%          1
 Summon Guardian Golem    Hex/Summ       9%         N/A       9%          3
 Call Canine Familiar     Summ           7%         N/A       10%         3
 Yara's Violent Unravell  Hex/Tmut       4%         3d4       56%         5
 Enfeeble                 Hex            5%         N/A       100%        7


Dungeon Overview and Level Annotations

Branches:
Dungeon (6/15)
 Temple: D:4-7

Altars:
Elyvilon
Kikubaaqudgha
Okawaru
Wu Jian
The Shining One

Shops:
D:2 **!=   D:5 =


Message History

The gnoll is struck by an arc of lightning.
The gnoll is moderately wounded.
The lightning grounds out.
The iguana zombie is struck by an arc of lightning!
The iguana zombie is severely damaged.
You are struck by an arc of lightning.
The lightning grounds out.
The iguana zombie bites you but does no damage.
Your Necromancy skill increases to level 6!
Casting: Static Discharge (safe; 1% risk of failure)
Confirm with . or Enter, or press ? or * to list all spells.
The gnoll is struck by an arc of lightning.
The gnoll is severely wounded.
You are struck by an arc of lightning.
* * * LOW HITPOINT WARNING * * *
The gnoll is struck by an arc of lightning!
You kill the gnoll!
Kikubaaqudgha accepts your kill.
You are struck by an arc of lightning.
* * * LOW HITPOINT WARNING * * *
The iguana zombie is struck by an arc of lightning.
The iguana zombie is severely damaged.
The lightning grounds out.
The dead are walking!
Your reaping aura expires.
The iguana zombie bites you.
* * * LOW HITPOINT WARNING * * *
A gnoll comes into view. It is wielding a +0 flail.
You feel better.
The gnoll hits you from afar with a +2 spear of freezing.
The gnoll freezes you. The iguana zombie bites you.
* * * LOW HITPOINT WARNING * * *
You feel better.
The gnoll hits you from afar with a +2 spear of freezing.
* * * LOW HITPOINT WARNING * * *
The gnoll freezes you.
* * * LOW HITPOINT WARNING * * *
Magic courses through your body. You block the iguana zombie's attack.
Your gnoll zombie hits the iguana zombie.
The gnoll hits you from afar with a +2 spear of freezing!
You die...
Kikubaaqudgha rasps: "You have failed me!
Welcome... death!"

#.# ###.## ....# ##
#...# .. #...# .#
##### #...# .# .
.....####...##.##....
..>[.......@Zg.......
.../........Z..g.....
.....†>..............
.....##......######..
..... #.#....# # ....
#.#....# .## #.#....#
#.#....## #.......#


You could see 2 gnolls, an iguana zombie (distracted, ally target) and a
friendly gnoll zombie.

Vanquished Creatures
  Edmund (D:5)
  A black bear (D:4)
  A phantom (D:5)
  A kobold brigand (D:4)
  2 necrophages
  A scorpion (D:5)
  A hound (D:6)
  Jessica (D:3)
  7 iguanas
  10 adders
  8 gnolls
  An ufetubus (D:4)
  A worm (D:2)
  2 dart slugs
  2 orcs (D:5)
  4 ball pythons
  4 bats
  7 endoplasms
  3 giant cockroaches
  8 goblins
  8 hobgoblins
  3 quokkas
  4 frilled lizards
  6 kobolds
  8 rats
95 creatures vanquished.

Vanquished Creatures (collateral kills)
  A water moccasin (D:5)
  An iguana (D:5)
  An ufetubus (D:5)
3 creatures vanquished.

Vanquished Creatures (others)
  5 fungi (D:2)
5 creatures vanquished.

Grand Total: 103 creatures vanquished

Notes
Turn   | Place    | Note
-------+----------+-------------------------------------------
     0 | D:1      | MisterAzrael the Deep Elf Air Elementalist began the quest
                  | for the Orb.
     0 | D:1      | Reached XP level 1. HP: 10/10 MP: 6/6
   437 | D:1      | Reached XP level 2. HP: 15/15 MP: 5/8
  1335 | D:2      | Found Hugecrem's Distillery.
  1341 | D:2      | Found Ehiom's Jewellery Shoppe.
  1418 | D:2      | Reached XP level 3. HP: 15/19 MP: 0/10
  1565 | D:2      | Found Jarutuem's General Store.
  2303 | D:2      | Reached XP level 4. HP: 22/24 MP: 6/11
  2307 | D:2      | Learned a level 2 spell: Static Discharge
  2311 | D:2      | Learned a level 3 spell: Swiftness
  2552 | D:2      | Found a faded altar of an unknown god.
  2664 | D:2      | Found Potuhot's General Store.
  2786 | D:3      | Identified the ring of Past Mistakes {AC+4 Dex+6}
  2875 | D:3      | Noticed Jessica
  2877 | D:3      | Killed Jessica
  2967 | D:3      | Learned a level 3 spell: Confusing Touch
  2985 | D:3      | Found an ancient bone altar of Kikubaaqudgha.
  2986 | D:3      | Found an ornate altar of the Wu Jian Council.
  3013 | D:3      | Reached XP level 5. HP: 28/28 MP: 3/13
  3270 | D:3      | Became a worshipper of Kikubaaqudgha
  3680 | D:4      | Reached skill level 1 in Necromancy
  3749 | D:4      | Noticed a black bear
  3759 | D:4      | Killed a black bear
  3760 | D:4      | Reached XP level 6. HP: 18/32 MP: 3/15
  4023 | D:4      | Reached skill level 5 in Spellcasting
  4348 | D:4      | Reached skill level 5 in Conjurations
  4682 | D:4      | Learned a level 4 spell: Airstrike
  4866 | D:4      | Reached XP level 7. HP: 36/36 MP: 14/17
  5036 | D:4      | Found a white marble altar of Elyvilon.
  5047 | D:4      | Found a glowing golden altar of the Shining One.
  5116 | D:5      | Entered Level 5 of the Dungeon
  5160 | D:5      | Found an iron altar of Okawaru.
  5280 | D:5      | Noticed Edmund
  5288 | D:5      | Killed Edmund
  5288 | D:5      | Reached * piety under Kikubaaqudgha
  5288 | D:5      | Received a gift from Kikubaaqudgha
  5496 | D:5      | Learned a level 4 spell: Animate Dead
  5882 | D:5      | Reached skill level 5 in Necromancy
  5997 | D:5      | Reached XP level 8. HP: 39/41 MP: 5/19
  6007 | D:5      | Found Kadepim's Jewellery Boutique.
  6679 | D:6      | Slain by a gnoll

Illustrated notes

Levels and vault maps discovered:
D:1:      matt_arrival_spirals, layout_basic
D:2:      layout_basic, serial_shops, shop, nicolae_diamond_shop, shop, shop,
          shapermc_ecumenical_altar_mp_urbaneastern, minmay_misc_feat_plants
D:3:      layout_loops_ring, nicolae_overflow_squiral, uniq_jessica
D:4:      layout_basic, mainiacjoe_overflow_big_doors
D:5:      layout_basic, okawaru_trees_1, serial_shops, nicolae_take_the_stairs,
          hex_medium, minmay_door_square, minmay_misc_feat_hallway,
          kennysheep_generic_room_6, uniq_edmund
D:6:      layout_loops_cross, kennysheep_diamond, minmay_alternating_orb,
          uniq_eustachio

Skill      XL: |  1  2  3  4  5  6  7  8 |
---------------+-------------------------+-----
Conjurations   | 2 3 4 5 6 |  6.9
Spellcasting   | 4 5 6 |  6.5
Necromancy     | 2 3 5 6 |  6.0
Dodging        | |  2.4
Stealth        | |  2.4
Hexes          | |  0.9
Air Magic      | |  3.8

Action                   |  1- 3 |  4- 6 |  7- 9 || total
-------------------------+-------+-------+-------++-------
Melee: Unarmed           |       |     4 |     7 ||    11
 Cast: Shock             |    80 |    78 |    54 ||   212
       Static Discharge  |       |    17 |    13 ||    30
       Airstrike         |       |     3 |     1 ||     4
       Swiftness         |       |     1 |       ||     1
       Confusing Touch   |       |     1 |       ||     1
       Animate Dead      |       |       |     3 ||     3
  Use: Potion            |     1 |       |     3 ||     4
Armor: Robe              |     2 |     5 |    10 ||    17
Dodge: Dodged            |    21 |    11 |    15 ||    47
Block: Other             |       |       |    14 ||    14

Table legend: (Time is in decaauts)
 A = Elapsed time spent in this place.
 B = Non-inter-level travel time spent in this place.
 C = Inter-level travel time spent in this place.
 D = Time resting spent in this place.
 E = Time spent auto-exploring this place.
 F = Levels seen in this place.
 G = Mean time per level.
                   A        B        C        D        E       F      G
               +--------+--------+--------+--------+--------+-----+--------+
         Total |   6674 |   6445 |    229 |   1240 |   4473 |   6 | 1112.3 |
       Dungeon |   6674 |   6445 |    229 |   1240 |   4473 |   6 | 1112.3 |
               +--------+--------+--------+--------+--------+-----+--------+

Top non-repeatable levels by time:
     D:2: 1501 daAuts
     D:5: 1406 daAuts
     D:4: 1317 daAuts
     D:1: 1233 daAuts
     D:3: 1060 daAuts
     D:6: 155 daAuts
